 Dungeon Crawl Stone Soup version 0.24.0-13-gcf9b319 (webtiles) character file.

Game seed: 13027903399710289717, levelgen mode: deterministic

41959 warborn304 the Basher (level 13, -21/118 HPs)
             Began as a Minotaur Berserker on Dec 23, 2019.
             Was a High Priest of Trog.
             Demolished by a tentacled starspawn (22 damage)
             ... on level 3 of the Abyss.
             The game lasted 00:51:01 (16694 turns).

warborn304 the Basher (Minotaur Berserker)         Turns: 16694, Time: 00:51:02

Health: -21/118    AC: 14    Str: 23    XL:     13   Next: 82%
Magic:  0/12       EV:  7    Int:  8    God:    Trog [*****.]
Gold:   1210       SH: 19    Dex: 20    Spells: 12/12 levels left

rFire    x . .     SeeInvis .   D - +9 whip of a Gauntlet {chaos, rPois rC+ Int+4 Dex+2}
rCold    + + .     Gourm    .   E - +1 shield
rNeg     . . .     Faith    .   H - +3 plate armour
rPois    +         Spirit   +   (helmet restricted)
rElec    .         Reflect  +   I - scarf {Spirit}
rCorr    .         Harm     .   Q - +0 pair of gloves
MR       +....                  L - +0 pair of boots
Stlth    ..........             x - +4 amulet of reflection
HPRegen  0.29/turn              s - ring of stealth
MPRegen  0.13/turn              l - ring of ice

@: about to teleport, corroded, constricted, lightly drained
A: retaliatory headbutt, horns 2, agile 1, magic resistance 1, strong 1,
MP-powered wands
a: Berserk, Trog's Hand, Brothers in Arms, Renounce Religion


You were on level 3 of the Abyss.
You worshipped Trog.
Trog was extremely pleased with you.
You were very hungry.

You visited 1 branch of the dungeon, and saw 15 of its levels.
You visited the Abyss 1 time.

You collected 1210 gold pieces.

Inventory:

Hand Weapons
 e - a +1 morningstar
 g - a +3 flail of electrocution
 i - a +2 dire flail of draining
 B - a +0 mace of protection
 C - a +3 battleaxe
 D - the +9 whip of a Gauntlet (weapon) {chaos, rPois rC+ Int+4 Dex+2}
   (You found it on level 7 of the Dungeon)

   Each time it hits an enemy it has a different, random effect.
   It affects your intelligence (+4).
   It affects your dexterity (+2).
   It protects you from cold.
   It protects you from poison.
 G - a +3 antimagic dagger
 N - a +7 eveningstar
 O - a +5 great mace of protection
 R - a +7 antimagic quarterstaff
 T - a +2 flail of protection
 U - a +1 vampiric lajatang
Missiles
 b - 23 boomerangs (quivered)
 J - a throwing net
Armour
 o - +0 steam dragon scales
 u - a +0 pair of gloves
 E - a +1 shield (worn)
 H - a +3 plate armour (worn)
 I - a scarf of spirit shield (worn)
 L - a +0 pair of boots (worn)
 Q - a +0 pair of gloves (worn)
Jewellery
 l - a ring of ice (right hand)
 s - a ring of stealth (left hand)
 v - an uncursed amulet of guardian spirit
 x - a +4 amulet of reflection (around neck)
 y - an uncursed ring of wizardry
Wands
 f - a wand of random effects (19)
 n - a wand of flame (3)
 w - a wand of iceblast (6)
 F - a wand of acid (12)
 S - a wand of disintegration (21)
 W - a wand of clouds (4)
Scrolls
 a - 9 scrolls of remove curse
 d - 6 scrolls of identify
 k - 3 scrolls of enchant weapon
 m - 2 scrolls of magic mapping
 q - a scroll of immolation
 t - 5 scrolls of teleportation
 K - a scroll of holy word {unknown}
 M - a scroll of blinking {unknown}
 P - a scroll of amnesia {unknown}
Potions
 h - 4 potions of brilliance
 j - 2 potions of magic
 p - 2 potions of haste
 r - a potion of flight
 A - 2 potions of curing
 X - a potion of agility
Comestibles
 c - 13 rations


   Skills:
 + Level 12.2(11.6) Fighting
 + Level 14.5(13.9) Maces & Flails
 + Level 1.7(1.3) Throwing
 + Level 13.8(13.2) Armour
 + Level 5.7(5.2) Dodging
 + Level 4.9(4.4) Stealth
 + Level 14.0(13.4) Shields
 - Level 0.5(0.1) Evocations


You had 12 spell levels left.
You didn't know any spells.
Your spell library was empty.

Dungeon Overview and Level Annotations

Branches:
Dungeon (15/15)            Temple (0/1) D:4            Lair (0/6) D:10
    Orc (0/2) D:12         Vaults (0/5) D:13         Depths (0/5) D:15

Altars:
Cheibriados
Makhleb
Qazlal
Trog
Vehumet

Shops:
D:12 !   D:14 *   D:15 ?

Annotations:
D:5 3 runed translucent doors, pkoi's ghost, novice MiBe
D:15 Louise


Innate Abilities, Weirdness & Mutations

You reflexively headbutt those who attack you in melee.
You have a pair of horns on your head.
You are agile. (Dex +2)
You are resistant to hostile enchantments. (MR+)
Your muscles are strong. (Str +2)
You expend magic power (3 MP) to strengthen your wands.


Message History

The hell hog completely resists.
The bolt of negative energy misses the hell hog.
The starspawn tentacle grabs you.
* * * LOW HITPOINT WARNING * * *
The starspawn tentacle constricts you. You block the hell hog's attack.
The tentacled starspawn bites you!
* * * LOW HITPOINT WARNING * * *
The tentacled starspawn engulfs you but does no damage.
You block the hell hog's attack.
Unknown command.
You completely miss the hell hog.
You headbutt the hell hog, but do no damage.
The hell hog is severely wounded.
The orc sorcerer closely misses you. The hell hog barely misses you.
* * * LOW HITPOINT WARNING * * *
The starspawn tentacle constricts you.
You closely miss the hell hog. Your headbutt misses the hell hog.
The hell hog is severely wounded.
You block the hell hog's attack. The tentacled starspawn bites you!!
You die...

. # .# ..# . .. #. .##
# # ..... ... . .....#
..... .. .. '. # #
...... # ...#.. ..#
(...). .....
##'#######......
..#...#........4.......
. .#.
.#......wXwh.....# ..#
##....hhh@o4..... ≈ #
..###'#######4.....
#...# . . ....# # ...h
.##. #. . h. # #.. ## #
. ..# #... #


You could see a tentacled starspawn, 4 hell hogs, an ice devil, a rust devil, a
chaos spawn, an orc sorcerer and 2 starspawn tentacles.

Vanquished Creatures
  Agnes (D:15)
  An ice dragon (shapeshifter) (D:12)
  A vault guard (D:13)
  A rakshasa (D:14)
  A hydra (D:11)
  3 two-headed ogres
  A death knight (D:13)
  A centaur warrior (D:13)
  Urug (D:12)
  2 skeletal warriors
  A flayed ghost (D:15)
  2 unseen horrors
  A necromancer (D:15)
  A fire giant zombie (D:15)
  A deep elf mage (D:13)
  8 ugly things
  A manticore (D:14)
  A shining eye (D:13)
  A cyclops (D:15)
  A cyclops (shapeshifter) (D:14)
  A gargoyle (D:12)
  A kobold demonologist (D:13)
  A freezing wraith (D:13)
  A guardian mummy (D:15)
  8 trolls
  2 spriggan skeletons (D:15)
  3 meliai (D:14)
  3 hippogriffs
  A meliai zombie (D:13)
  2 hornets (D:13)
  A harpy zombie (D:15)
  A shadow (D:13)
  A redback (shapeshifter) (D:13)
  10 spriggans
  A wyvern (D:10)
  A neqoxec (Abyss:3)
  A tarantella (D:10)
  2 wraiths
  Eustachio (D:5)
  5 yaks (D:12)
  3 hungry ghosts
  A steam dragon (D:13)
  4 vampire mosquitoes (D:15)
  An acid dragon (D:11)
  A tengu skeleton (D:15)
  2 black bears (D:11)
  5 sky beasts
  5 ice beasts
  9 orc warriors
  8 ogres
  5 phantoms
  3 boggarts (D:13)
  4 centaurs
  2 crocodiles
  2 big kobolds
  10 bullfrogs
  9 killer bees
  5 scorpions
  19 wights
  4 howler monkeys
  8 electric eels
  13 crimson imps
  3 centaur zombies
  2 quasits
  8 hounds
  4 jellies
  4 bullfrog skeletons
  11 orc priests
  7 centaur skeletons
  2 gnoll shamans
  4 iguanas
  17 orc wizards
  16 worker ants
  A hound zombie (D:10)
  A hound skeleton (D:4)
  A howler monkey zombie (D:10)
  Robin (D:2)
  11 gnolls
  13 adders
  3 shadow imps
  2 adder skeletons
  An adder zombie (D:9)
  A worm (D:3)
  2 dart slugs
  6 leopard geckos
  65 orcs
  A ball python (D:7)
  8 giant cockroaches
  11 goblins
  11 hobgoblins
  6 jackals
  2 quokkas
  6 bats
  7 frilled lizards
  18 kobolds
  3 leopard gecko zombies
  2 quokka skeletons
  A quokka zombie (D:9)
  3 rats
  A starspawn tentacle (Abyss:3)
467 creatures vanquished.

Vanquished Creatures (collateral kills)
  Jorgrun (D:14)
  Frances (D:14)
  A centaur warrior (D:14)
  Pikel (D:9)
  A manticore (D:14)
  A cyclops (D:14)
  5 ugly things (D:14)
  A gargoyle (D:9)
  A water moccasin (D:14)
  A sky beast (D:14)
  An ogre (D:9)
  3 wights (D:9)
  A worker ant zombie (D:9)
19 creatures vanquished.

Vanquished Creatures (others)
  A cyclops (D:11)
  A centaur zombie (D:13)
  An eye of draining (D:9)
  A centaur (D:11)
  An orc (D:13)
  2 plants (D:7)
  7 starspawn tentacles (Abyss:3)
14 creatures vanquished.

Grand Total: 500 creatures vanquished

Notes
Turn   | Place    | Note
-------+----------+-------------------------------------------
     0 | D:1      | warborn304 the Minotaur Berserker began the quest for the
                  | Orb.
     0 | D:1      | Reached XP level 1. HP: 19/19 MP: 0/0
   373 | D:1      | Reached XP level 2. HP: 20/27 MP: 1/1
   919 | D:2      | Found a snail-covered altar of Cheibriados.
   936 | D:2      | Found a bloodstained altar of Trog.
  1137 | D:2      | Reached XP level 3. HP: 27/33 MP: 2/2
  1323 | D:2      | Noticed Robin
  1324 | D:2      | Reached ** piety under Trog
  1341 | D:2      | Killed Robin
  1341 | D:2      | Reached XP level 4. HP: 41/41 MP: 3/3
  1653 | D:3      | Reached skill level 5 in Maces & Flails
  2110 | D:3      | Reached XP level 5. HP: 35/47 MP: 4/4
  2380 | D:3      | Reached *** piety under Trog
  2748 | D:3      | Reached skill level 5 in Fighting
  2915 | D:4      | Reached XP level 6. HP: 49/56 MP: 5/5
  3379 | D:4      | Reached skill level 1 in Stealth
  3379 | D:4      | Reached XP level 7. HP: 36/62 MP: 6/6
  3602 | D:4      | Found a staircase to the Ecumenical Temple.
  3862 | D:5      | Entered Level 5 of the Dungeon
  3945 | D:5      | Reached **** piety under Trog
  4148 | D:5      | Reached skill level 5 in Armour
  4148 | D:5      | Reached XP level 8. HP: 47/71 MP: 7/7
  4303 | D:5      | Found a runed translucent gate.
  4303 | D:5      | Found a runed translucent gate.
  4303 | D:5      | Found a runed translucent gate.
  4303 | D:5      | Noticed pkoi's ghost (novice MiBe)
  4493 | D:5      | Noticed Eustachio
  4505 | D:5      | Killed Eustachio
  5033 | D:6      | Reached skill level 10 in Maces & Flails
  5873 | D:7      | Reached XP level 9. HP: 74/79 MP: 8/8
  6180 | D:7      | Reached ***** piety under Trog
  7499 | D:7      | Got a slimy whip
  7531 | D:7      | Identified the +9 whip of a Gauntlet {chaos, rPois rC+
                  | Int+4 Dex+2} (You found it on level 7 of the Dungeon)
  8756 | D:8      | Received a gift from Trog
  8825 | D:8      | Reached skill level 5 in Dodging
  9011 | D:8      | Reached XP level 10. HP: 90/90 MP: 9/9
  9114 | D:9      | Reached skill level 1 in Shields
  9231 | D:9      | Found a radiant altar of Vehumet.
  9382 | D:9      | Reached skill level 1 in Throwing
  9532 | D:9      | Noticed a gargoyle
  9533 | D:9      | Noticed Pikel
  9542 | D:9      | Killed a gargoyle
  9544 | D:9      | Killed Pikel
  9750 | D:9      | Reached skill level 5 in Shields
  9834 | D:9      | Reached skill level 10 in Armour
 10006 | D:10     | Entered Level 10 of the Dungeon
 10310 | D:10     | Reached XP level 11. HP: 92/97 MP: 10/10
 10421 | D:10     | Killed an unseen horror
 10452 | D:10     | Found a staircase to the Lair.
 11197 | D:11     | Noticed a purple ugly thing
 11208 | D:11     | Killed a purple ugly thing
 11371 | D:11     | Noticed a two-headed ogre
 11384 | D:11     | Killed a two-headed ogre
 11420 | D:11     | Noticed a two-headed ogre
 11428 | D:11     | Noticed a six-headed hydra
 11435 | D:11     | Killed a two-headed ogre
 11444 | D:11     | Killed a six-headed hydra
 11448 | D:11     | Reached skill level 10 in Fighting
 11619 | D:11     | Noticed a purple ugly thing
 11630 | D:11     | Killed a purple ugly thing
 11931 | D:12     | Noticed Urug
 11940 | D:12     | Killed Urug
 11940 | D:12     | Reached XP level 12. HP: 107/107 MP: 11/11
 11984 | D:12     | Received a gift from Trog
 12018 | D:12     | Reached skill level 10 in Shields
 12040 | D:12     | Found Tydghitza's Distillery.
 12054 | D:12     | Gained mutation: You are agile. (Dex +2) [potion of
                  | mutation]
 12054 | D:12     | Gained mutation: Your muscles are strong. (Str +2) [potion
                  | of mutation]
 12054 | D:12     | Gained mutation: You expend magic power (3 MP) to
                  | strengthen your wands. [potion of mutation]
 12332 | D:12     | Found a staircase to the Orcish Mines.
 12558 | D:12     | Noticed Nergalle
 12568 | D:12     | Nergalle changed into Nergalle the glowing shapeshifter
 12571 | D:12     | Noticed Nergalle
 12571 | D:12     | Nergalle the slime creature changed into Nergalle the ice
                  | dragon
 12583 | D:12     | Killed Nergalle the ice dragon
 13056 | D:13     | Noticed a centaur warrior
 13063 | D:13     | Killed a centaur warrior
 13072 | D:13     | Noticed a vault guard
 13461 | D:13     | Found a burning altar of Makhleb.
 13491 | D:13     | Killed a vault guard
 13518 | D:13     | Received a gift from Trog
 13575 | D:13     | Noticed a death knight
 13589 | D:13     | Killed a death knight
 14079 | D:13     | Noticed a centaur warrior
 14080 | D:13     | Found a stormy altar of Qazlal.
 14084 | D:13     | a centaur warrior changed into a shining eye
 14191 | D:13     | Found a gate to the Vaults.
 14321 | D:14     | Reached XP level 13. HP: 80/116 MP: 8/12
 14678 | D:14     | Noticed Frances
 14681 | D:14     | Noticed Jorgrun
 14684 | D:14     | Killed Frances
 14688 | D:14     | Killed Jorgrun
 15024 | D:14     | Found Fackodod's General Store.
 16134 | D:15     | Entered Level 15 of the Dungeon
 16213 | D:15     | Found a staircase to the Depths.
 16453 | D:15     | Noticed Agnes
 16482 | D:15     | Killed Agnes
 16587 | D:15     | Found Zap Qysk's Magic Scroll Shop.
 16589 | D:15     | Noticed Louise
 16594 | D:15     | Cast into level 3 of the Abyss (Louise)
 16619 | Abyss:3  | Noticed a tentacled starspawn
 16630 | Abyss:3  | Found a corrupted altar of Lugonu.
 16644 | Abyss:3  | Gained mutation: You are resistant to hostile enchantments.
                  | (MR+) [a neqoxec]
 16692 | Abyss:3  | HP: 3/118 [tentacled starspawn (11)]
 16693 | Abyss:3  | HP: 1/118 [starspawn tentacle[a tentacled starspawn] (3)]
 16694 | Abyss:3  | Demolished by a tentacled starspawn

Levels and vault maps discovered:
D:1:      lightli_iron_boxes, layout_rooms, serial_rivers,
          chequers_serial_rivers_micro_e, chequers_serial_rivers_micro_b,
          chequers_serial_rivers_micro_d, chequers_serial_rivers_micro_e,
          chequers_serial_rivers_micro_c, chequers_serial_rivers_micro_a
D:2:      layout_rooms, grunt_temple_overflow_open,
          nicolae_overflow_hidden_temple, grunt_ministairs_14,
          kennysheep_generic_room_16, uniq_robin
D:3:      cheibrodos_pilgrimage, layout_basic, kennysheep_generic_room_11
D:4:      layout_cave_pools, temple_fountains
D:5:      layout_basic, ebering_ghost_rock_garden, first_ration, uniq_eustachio
D:6:      layout_basic
D:7:      cheibrodos_two_vegetables, layout_cave_pools
D:8:      layout_basic, grunt_pizzeria
D:9:      kb_forest_paths, layout_basic, kennysheep_little_box, uniq_pikel
D:10:     layout_grid_maze, lair_entry_dummy
D:11:     layout_cave_pools, minmay_sticks_and_stones
D:12:     layout_rooms, orc_0_dummy, gauntlet_entry_generic, serial_shops, shop,
          serial_corexii_hall, corexii_hall_statues_i, corexii_hall_statues_i,
          minmay_holes, uniq_nergalle, uniq_urug
D:13:     layout_roguey, david_vaults_5, basic_altar, grunt_qazlal_clouds
D:14:     layout_long_grid, serial_bayou_shore_a, serial_shops, shop,
          uniq_frances, uniq_jorgrun
D:15:     gammafunk_depths_entry_grave, layout_basic, amethyst_killhole,
          serial_shops, shop, gammafunk_ghost_berserking_beasts, uniq_agnes,
          uniq_louise
Abyss:3:  due_evilmike_abyss_rune_seething_liches, evilmike_abyss_exit_14

Skill      XL: |  1  2  3  4  5  6  7  8  9 10 11 12 13 |
---------------+----------------------------------------+-----
Fighting       | 4 5 6 7 8 9 10 11 12 | 12.2
Maces & Flails | 4 5 6 7 8 10 12 13 14 | 14.5
Armour         | 3 4 5 6 8 10 11 12 13 | 13.8
Dodging        | 3 4 5 |  5.7
Stealth        | 1 3 4 |  4.9
Shields        | 5 9 12 14 | 14.0
Throwing       | 1 |  1.7
Evocations     | |  0.5

Action                   |  1- 3 |  4- 6 |  7- 9 | 10-12 | 13-15 || total
-------------------------+-------+-------+-------+-------+-------++-------
Melee: Mace              |    29 |       |       |       |       ||    29
       Headbutt          |     8 |    16 |    60 |   207 |    91 ||   382
       Flail             |    25 |    25 |       |       |       ||    50
       Morningstar       |       |    83 |    48 |       |       ||   131
       Dire flail        |       |       |   218 |       |       ||   218
       Whip              |       |       |    40 |   725 |   253 ||  1018
Throw: Boomerang         |       |       |     3 |     5 |     4 ||    12
Invok: Berserk           |     1 |     1 |     1 |     3 |     1 ||     7
       Brothers in Arms  |       |       |       |     5 |     5 ||    10
Evoke: Wand              |       |       |    21 |       |       ||    21
  Use: Scroll            |     4 |     2 |     9 |    11 |     6 ||    32
       Potion            |       |     3 |       |     7 |     8 ||    18
 Stab: Sleeping          |     1 |       |       |       |       ||     1
       Paralysed         |       |       |     2 |     2 |     1 ||     5
       Confused          |       |       |       |     7 |     5 ||    12
       Petrifying        |       |       |       |     2 |     4 ||     6
       Distracted        |       |       |       |     1 |       ||     1
       Petrified         |       |       |       |       |     2 ||     2
  Eat: Chunk             |     1 |     4 |     9 |     9 |     2 ||    25
       Ration            |       |     1 |     4 |     4 |     2 ||    11
Armor: Animal skin       |    12 |     1 |       |       |       ||    13
       Ring mail         |       |    33 |     8 |       |       ||    41
       Scale mail        |       |       |    51 |       |       ||    51
       Chain mail        |       |       |    61 |       |       ||    61
       Plate armour      |       |       |     3 |   185 |    78 ||   266
Dodge: Dodged            |    34 |    74 |   128 |    96 |    49 ||   381
Block: Shield            |       |       |    10 |   395 |   177 ||   582
       Reflection        |       |       |       |    31 |     5 ||    36
